 Dungeon Crawl Stone Soup version 0.26.0-16-gc1dbca0489 (webtiles) character file.

Game seed: 4162351031324611552

263 kaeus the Sneak (level 6, 0/64 HPs)
             Began as an Octopode Berserker on Jan 20, 2021.
             Was a Believer of Trog.
             Slain by an ice beast (2 damage)
             ... on level 6 of the Dungeon.
             The game lasted 00:06:50 (3549 turns).

kaeus the Sneak (Octopode Berserker)                Turns: 3549, Time: 00:06:51

Health: 0/64       AC:  1    Str: 17    XL:     6   Next: 19%
Magic:  15/15      EV: 15    Int:  9    God:    Trog [**....]
Gold:   218        SH:  0    Dex: 13    Spells: 5/5 levels left

rFire    . . .     SeeInvis .   q - +0 rapier
rCold    . . .     Faith    .   (no shield)
rNeg     . . .     Spirit   .   (helmet restricted)
rPois    .         Reflect  .   c - amulet of the acrobat (curse)
rElec    .         Harm     .   h - ring of teleportation (curse)
rCorr    .         Rampage  .   n - ring of magical power
Will     +....     Rnd*Tele +   p - ring of willpower
Stlth    ..........             (no ring)
HPRegen  0.20/turn              (no ring)
MPRegen  0.14/turn              (no ring)
                                (no ring)
                                (no ring)

@: berserking, very quick
A: almost no armour, stealthy swim, amphibious, 8 rings, constrict 8, camouflage
1, gelatinous body 1
a: Renounce Religion, Berserk, Trog's Hand


You were on level 6 of the Dungeon.
You worshipped Trog.
Trog was pleased with you.
You visited 1 branch of the dungeon, and saw 5 of its levels.

You collected 218 gold pieces.

Inventory:

Hand Weapons
 e - a +0 dagger
 q - a +0 rapier (weapon)
Armour
 r - the +1 robe "Cayh" {Str+6, unknown}
   (You found it on level 5 of the Dungeon)

   It affects your strength (+6).
Jewellery
 c - a cursed amulet of the acrobat (around mantle)
 d - an uncursed amulet of reflection
 g - an uncursed amulet of magic regeneration
 h - a cursed ring of teleportation (left tentacle)
 n - a ring of magical power (right tentacle)
 p - a ring of willpower (on tentacle)
Wands
 o - a wand of polymorph (7)
 s - a wand of random effects (23)
Scrolls
 b - 2 scrolls of identify
 m - 3 scrolls of teleportation
 u - a scroll of random uselessness {unknown}
Potions
 a - a potion of flight {unknown}
 f - 3 potions of heal wounds {unknown}
 i - 3 potions of might {unknown}
 j - a potion of degeneration {unknown}
 k - a potion of ambrosia {unknown}
 l - a potion of mutation {unknown}
 t - a potion of curing {unknown}


   Skills:
 + Level 4.0 Fighting
 + Level 4.0 Short Blades
 + Level 4.0 Dodging
 * Level 5.2 Stealth


You had 5 spell levels left.
You didn't know any spells.
Your spell library was empty.

Dungeon Overview and Level Annotations

Branches:
Dungeon (6/15)             Temple (0/1) D:6

Altars:
Makhleb
Yredelemnul


Innate Abilities, Weirdness & Mutations

You cannot wear most types of armour.
You are very stealthy in the water. (Stealth+)
You are amphibious.
You can wear up to eight rings at the same time.
You can use your tentacles to constrict eight enemies at once.
Your skin changes colour to match your surroundings (Stealth+).
Your rubbery body absorbs attacks. (AC +1, EV +1)


Message History

The ice beast hits you. The ice beast freezes you!
You hit the ice beast.
The ice beast is almost dead.
The ice beast hits you. The ice beast freezes you!
You barely miss the ice beast.
The ice beast is almost dead.
The ice beast barely misses you.
You barely miss the ice beast.
The ice beast is almost dead.
The ice beast hits you. The ice beast freezes you!
* * * LOW HITPOINT WARNING * * *
You hit the ice beast but do no damage.
The ice beast is almost dead.
The ice beast hits you but does no damage.
You hit the ice beast. Your squeeze misses the ice beast.
The ice beast is almost dead.
The ice beast misses you.
A red film seems to cover your vision as you go berserk!
You feel yourself moving faster!
You feel mighty! The ice beast hits you.
You die...

#.## >.#.>.#....#.. ..
#..# ....#....#.# ....
##.## #####....#.#..#..
....# #........#.#....
....## #.#...........#
.....# #.#....#...#..#
...#.# #.#....#......#.#
.....###.#..(..?.......#
......##.######.@....##
....#.##.# #Y.<.###
....#..#.# #....#
....##.#.# .......
######...####.###.##..
..............# .# .#..
#######..###..# .# # .
### #..# #. # .. ....
...#


You could see an ice beast.

Vanquished Creatures
  A phantom (D:6)
  A centaur zombie (D:3)
  Terence (D:2)
  5 adders
  An ufetubus (D:6)
  2 worms (D:2)
  A dart slug (D:1)
  A leopard gecko (D:3)
  6 bats
  3 giant cockroaches
  7 goblins
  9 hobgoblins
  3 jackals (D:1)
  5 kobolds
  2 quokkas (D:2)
  A ball python (D:1)
  5 frilled lizards
  6 rats
60 creatures vanquished.

Notes
Turn   | Place    | Note
-------+----------+-------------------------------------------
     0 | D:1      | kaeus the Octopode Berserker began the quest for the Orb.
     0 | D:1      | Reached XP level 1. HP: 16/16 MP: 1/1
     2 | D:1      | Found a burning altar of Makhleb.
   120 | D:1      | Reached skill level 1 in Stealth
   123 | D:1      | Reached XP level 2. HP: 18/21 MP: 2/2
   479 | D:1      | Reached skill level 2 in Stealth
   535 | D:1      | Reached ** piety under Trog
   536 | D:1      | Reached XP level 3. HP: 8/26 MP: 3/3
   544 | D:1      | HP: 1/26 [jackal (2)]
  1290 | D:2      | Noticed Terence
  1300 | D:2      | Killed Terence
  1301 | D:2      | Reached skill level 3 in Stealth
  1301 | D:2      | Reached XP level 4. HP: 23/31 MP: 4/4
  2032 | D:3      | Reached skill level 4 in Stealth
  2032 | D:3      | Reached XP level 5. HP: 32/36 MP: 5/5
  2133 | D:3      | Reached *** piety under Trog
  2342 | D:3      | You fall into a shaft and drop 3 floors!
  2380 | D:6      | Noticed a phantom
  2413 | D:6      | Killed a phantom
  2414 | D:6      | Reached skill level 5 in Stealth
  2414 | D:6      | Reached XP level 6. HP: 16/43 MP: 6/6
  2761 | D:5      | Entered Level 5 of the Dungeon
  2774 | D:5      | You fall into a shaft and drop 1 floor!
  2926 | D:5      | Got a shadowed robe
  3389 | D:6      | Found a basalt altar of Yredelemnul.
  3526 | D:6      | Found a staircase to the Ecumenical Temple.
  3533 | D:6      | Noticed an ice beast
  3546 | D:6      | HP: 1/43 [ice beast (13)]
  3549 | D:6      | Slain by an ice beast

Illustrated notes

Levels and vault maps discovered:
D:1:      sevenhm_arrival_forest_fort_small_6, layout_rooms, dk_noncrumbling_2,
          corner_web_ring, minivault_25, st_stairs_12
D:2:      layout_basic, serial_curves, eino_curves_04, eino_curves_04,
          uniq_terence
D:3:      layout_rooms, uniq_grinder, uniq_jessica
D:5:      layout_gridville, general_overflow_altar, serial_park_tiny_1,
          minmay_misc_feat_cross, corexii_checkpoint_a, corexii_hall_statues_x,
          minmay_guarded_unrand_staff_of_olgreb
D:6:      layout_basic, kennysheep_little_box, minmay_temple_entry_from_below_a,
          dk_noncrumbling_3, corexii_corridor_pit

Skill      XL: |  1  2  3  4  5 |
---------------+----------------+-----
Stealth        | 1 2 3 4 5 |  5.2
Fighting       | 4 |  4.0
Short Blades   | 4 |  4.0
Dodging        | 4 |  4.0

Action                   |  1- 3 |  4- 6 || total
-------------------------+-------+-------++-------
Melee: Short sword       |    30 |       ||    30
       Tentacles         |    17 |    18 ||    35
       Constrict         |    21 |    12 ||    33
       Dagger            |    46 |    82 ||   128
       Rapier            |       |     6 ||     6
Invok: Berserk           |       |     2 ||     2
  Use: Scroll            |     1 |     5 ||     6
 Stab: Sleeping          |     8 |     7 ||    15
Armor: Skin              |     5 |     3 ||     8
Dodge: Dodged            |    53 |    73 ||   126
